 Dungeon Crawl Stone Soup version 0.31.0-11-ge490571c62 (webtiles) character file.

Game seed: 1265437543549173446

403 qw the Shooter (level 6, -4/30 HPs)
             Began as a Spriggan Hunter on Feb 4, 2024.
             Slain by a lemure (7 damage)
             ... led by Pikel
             ... on level 5 of the Dungeon.
             The game lasted 00:01:09 (3538 turns).

qw the Shooter (Spriggan Hunter)                    Turns: 3538, Time: 00:01:10

Health: -4/30      AC:  4    Str:  7    XL:     6   Next: 55%
Magic:  7/7        EV: 21    Int: 10    God:
Gold:   290        SH:  0    Dex: 21    Spells: 5/5 levels left

rFire   . . .        a - +1 shortbow
rCold   . . .        (shield currently unavailable)
rNeg    + + .        d - +2 robe {rN+}
rPois   .            (helmet restricted)
rElec   .            (no cloak)
rCorr   .            (gloves unavailable)
SInv    +            (boots unavailable)
Will    +....        e - amulet of the acrobat
Stlth   ++           f - ring of positive energy
HPRegen 0.25/turn    (no ring)
MPRegen 0.10/turn

%: acrobat
@: very quick
A: very small, no large weapons, unfitting armour, see invisible, speed 3
a: no special abilities


You were on level 5 of the Dungeon.
You visited 1 branch of the dungeon, and saw 5 of its levels.

You collected 290 gold pieces.


Innate Abilities, Weirdness & Mutations

You are very small and have problems with some larger weapons.
You are too small for most types of armour.
You have supernaturally acute eyesight. (SInv)
You cover ground extremely quickly. (Speed+++)


   Skills:
 - Level 2.0 Fighting
 + Level 6.5 Ranged Weapons
 - Level 6.1 Dodging
 - Level 1.5 Stealth


You had 5 spell levels left.
You didn't know any spells.
Your spell library was empty.

Inventory:

Hand Weapons
 a - a +1 shortbow (weapon)
Armour
 d - a +2 robe of positive energy (worn)
Jewellery
 e - an amulet of the acrobat (around neck)
 f - a ring of positive energy (left hand)
Wands
 h - a wand of flame (12)
Potions
 b - a potion of might
 i - a potion of curing

Dungeon Overview and Level Annotations

Branches:
Dungeon (5/15)
 Temple: D:4-7

Altars:
Ashenzari
Makhleb
Wu Jian


Message History

You shoot an arrow. The arrow closely misses the lemure.
You shoot an arrow. The arrow closely misses the lemure.
You shoot an arrow. The arrow barely misses the lemure.
The arrow hits the lemure.
The lemure is lightly wounded.
You shoot an arrow. The arrow barely misses the lemure.
The lemure barely misses you.
You shoot an arrow. The arrow closely misses the lemure.
The lemure misses you.
You shoot an arrow. The arrow hits the lemure.
The lemure is lightly wounded.
A gnoll bouda comes into view. It is wielding a +0 whip.
The lemure misses you. The lemure closely misses you.
Enter note: You shoot an arrow.
The arrow hits the lemure!
The lemure is moderately wounded.
A gnoll comes into view. It is wielding a +0 club.
The lemure hits you! The lemure completely misses you.
You shoot an arrow. The arrow closely misses the lemure.
The gnoll shouts!
The lemure completely misses you. The lemure misses you.
You shoot an arrow. The arrow hits the lemure.
The lemure is heavily wounded.
The lemure hits you! The lemure hits you but does no damage.
The gnoll bouda barks out a call to the hunt!
The gnoll picks up the pace!
You shoot an arrow. The arrow closely misses the lemure.
The lemure hits you. The lemure misses you.
You shoot an arrow.
The arrow hits the lemure but does no damage.
The lemure is heavily wounded.
The lemure barely misses you. The lemure misses you.
A gnoll comes into view. It is wielding a +0 flail.
The lemure closely misses you.
You shoot an arrow. The arrow closely misses the lemure.
The arrow hits the gnoll but does no damage.
The lemure hits you!
A gnoll comes into view. It is wielding a +0 spear.
The gnoll barely misses you. The lemure hits you!
You die...

#.....###'#......# #....
#................######....
#..........[.....#....#....
#................#....#.5..
#................#....#....
#....))..........#...##....
#................#...##....
#.....##+##g....##...##o...
#....)#...@5g...#....5.....
#.....#...#5....#..........
#.....#...#<...g#..5.......
#.....#...#.....'g...##....
#.....#.<.#.....#....#####+
#.....#...#.....######
#.....#...#.....#
#######...#.....#
#........#.....#


You could see 2 lemures, a gnoll bouda and 3 gnolls.

Vanquished Creatures
  2 scorpions (D:4)
  2 hounds (D:4)
  An orc priest (D:5)
  Jessica (D:2)
  2 iguanas
  2 adders
  A ribbon worm (D:3)
  7 dart slugs
  5 orcs
  5 ball pythons
  6 endoplasms
  3 giant cockroaches
  6 goblins
  6 hobgoblins
  5 jackals
  8 quokkas
  7 bats
  4 frilled lizards (D:1)
  6 kobolds
  5 rats (D:1)
84 creatures vanquished.

Notes
Turn   | Place    | Note
-------+----------+-------------------------------------------
     0 | D:1      | qw the Spriggan Hunter began the quest for the Orb.
     0 | D:1      | Reached XP level 1. HP: 10/10 MP: 2/2
     0 | D:1      | 0 ||| qw: Version: 0.3-a-160-g6735b56
     0 | D:1      | 0 ||| qw: Game counter: 5822
     0 | D:1      | 0 ||| qw: Melee chars always use a shield: true
     0 | D:1      | 0 ||| qw: God list: Okawaru
     0 | D:1      | 0 ||| qw: Allow faded altars: false
     0 | D:1      | 0 ||| qw: Do Orc after clearing Dungeon:15 true
     0 | D:1      | 0 ||| qw: Do second Lair branch before Depths: true
     0 | D:1      | 0 ||| qw: Lair rune preference: random
     0 | D:1      | 0 ||| qw: Goals: Normal
     0 | D:1      | 0 ||| PLANNING D:1-11
    13 | D:1      | Reached skill level 3 in Dodging
   124 | D:1      | Reached XP level 2. HP: 14/14 MP: 3/3
   472 | D:1      | Reached XP level 3. HP: 18/18 MP: 4/4
   643 | D:1      | 643 ||| UPGRADING to amulet of the acrobat.
   648 | D:1      | 648 ||| DROPPING ring of flight.
   649 | D:1      | 649 ||| READING scroll labelled ERIHOU IWES.
   650 | D:1      | 650 ||| READING 2 scrolls labelled LUCET RUSIPU.
   650 | D:1      | 650 ||| IDENTIFYING smoky white potion
   651 | D:1      | 651 ||| READING scroll of identify.
   651 | D:1      | 651 ||| IDENTIFYING fizzy dark potion
   652 | D:1      | 652 ||| READING scroll labelled JYAGREFISM.
   653 | D:1      | 653 ||| READING scroll labelled BAEVVA QOLO SYU.
   754 | D:1      | 754 ||| READING scroll labelled ZEUTAI UCY ANIE.
   754 | D:1      | 754 ||| ENCHANTING +0 shortbow.
   755 | D:1      | 755 ||| DROPPING scroll of butterflies.
   756 | D:1      | 756 ||| DROPPING potion of degeneration.
   828 | D:2      | Noticed Jessica
   833 | D:2      | Killed Jessica
   834 | D:2      | Reached XP level 4. HP: 21/22 MP: 5/5
  1595 | D:2      | 1595 ||| READING scroll labelled SUIG LYERHE.
  1595 | D:2      | 1595 ||| ENCHANTING +1 shortbow.
  1877 | D:3      | Found an ornate altar of the Wu Jian Council.
  2040 | D:3      | Reached XP level 5. HP: 26/26 MP: 6/6
  2302 | D:3      | Found a broken altar of Ashenzari.
  2574 | D:3      | 2574 ||| UPGRADING to +2 robe of positive energy.
  2584 | D:3      | 2584 ||| DROPPING +0 robe.
  2585 | D:3      | 2585 ||| UPGRADING to ring of positive energy.
  2615 | D:4      | HP: 5/26 [hound (5)]
  2784 | D:4      | Found a burning altar of Makhleb.
  3042 | D:4      | Reached skill level 6 in Ranged Weapons
  3042 | D:4      | Reached XP level 6. HP: 30/30 MP: 7/7
  3214 | D:4      | Reached skill level 6 in Dodging
  3316 | D:4      | 3316 ||| DROPPING ring of wizardry.
  3317 | D:4      | 3317 ||| READING 3 scrolls of identify.
  3317 | D:4      | 3317 ||| IDENTIFYING inky potion
  3318 | D:4      | 3318 ||| READING 2 scrolls of identify.
  3318 | D:4      | 3318 ||| IDENTIFYING glowing yellow potion
  3319 | D:4      | 3319 ||| READING scroll of identify.
  3319 | D:4      | 3319 ||| IDENTIFYING scroll labelled XEUDU ARANT
  3320 | D:4      | 3320 ||| DROPPING scroll of poison.
  3321 | D:4      | 3321 ||| DROPPING potion of lignification.
  3333 | D:5      | Entered Level 5 of the Dungeon
  3334 | D:5      | 3334 ||| PLANNING OSSUARY
  3414 | D:5      | 3414 ||| RETREEEEATING.
  3415 | D:5      | 3415 ||| RETREEEEATING.
  3419 | D:5      | 3419 ||| RETREEEEATING.
  3420 | D:5      | 3420 ||| RETREEEEATING.
  3421 | D:5      | 3421 ||| FLEEEEING.
  3422 | D:5      | 3422 ||| FLEEEEING.
  3423 | D:5      | 3423 ||| FLEEEEING.
  3424 | D:5      | 3424 ||| FLEEEEING.
  3425 | D:5      | 3425 ||| FLEEEEING.
  3427 | D:5      | 3427 ||| FLEEEEING.
  3428 | D:5      | 3428 ||| FLEEEEING.
  3429 | D:5      | 3429 ||| FLEEEEING.
  3430 | D:5      | 3430 ||| STAIRDANCE
  3453 | D:4      | 3453 ||| READING scroll labelled ANIEBL NEBRYMI.
  3538 | D:5      | HP: 3/30 [lemure[Pikel] (8)]
  3538 | D:5      | Slain by a lemure

Levels and vault maps discovered:
D:1:      grunt_arrival_lava_bath, layout_loops_cross, minivault_23,
          minmay_tromino_i2
D:2:      layout_loops_corners, uniq_jessica
D:3:      layout_basic, mainiacjoe_overflow_alcove_4,
          lemuel_coloured_pillars_altar, grunt_ministairs_11
D:4:      layout_loops_cross, makhleb_heckhound_becter
D:5:      layout_gridville, enter_ossuary_3,
          nicolae_shop_i_like_small_books_too, nicolae_half_adder, uniq_pikel

Skill      XL: |  1  2  3  4  5  6 |
---------------+-------------------+-----
Dodging        | 3 4 5 6 |  6.1
Ranged Weapons | 5 6 |  6.5
Fighting       | 2 |  2.0
Stealth        | |  1.5

Action                     |  1- 3 |  4- 6 || total
---------------------------+-------+-------++-------
   Fire: Shortbow          |    86 |   174 ||   260
    Use: Scroll            |     6 |     5 ||    11
 Armour: Robe              |    13 |    28 ||    41
  Dodge: Dodged            |    34 |    65 ||    99

Table legend:
 A = Non-vault XP
 B = Vault XP
 C = Vault XP percentage of total XP
 D = Non-vault monster count
 E = Vault monster count
 F = Vault count percentage of total count
                 A         B        C        D         E       F
            +---------+---------+-------+---------+---------+-------
      Total |     490 |      87 |  15.1 |      78 |       6 |   7.1
            +---------+---------+-------+---------+---------+-------
        D:1 |      47 |       4 |   7.8 |      28 |       2 |   6.7
        D:2 |      66 |      37 |  35.9 |      12 |       1 |   7.7
        D:3 |      50 |       3 |   5.7 |      17 |       2 |  10.5
        D:4 |     270 |      43 |  13.7 |      15 |       1 |   6.2
        D:5 |      57 |       0 |   0.0 |       6 |       0 |   0.0
            +---------+---------+-------+---------+---------+-------
